Cogmind - Beta 10.2 @@@ ROGUE MODE // 2021.06.14 @ 17:55:57 Player: Kenzurith Result: Destroyed by S-10 Pest with Light Assault Rifle Performance ------------- Evolutions (1) 500 Regions Visited (6) 1200 Robots Destroyed (9) 45 Value Destroyed (152) 152 Prototype IDs (5) 100 Alien Tech Used (0) 0 Bonus (-80) -80 TOTAL SCORE: 1917 Bonus ------- Follower Combat Kills 49 Friendly Fire -129 Cogmind --------- Core Integrity 0/400 Matter 225/300 Energy 96/100 System Corruption 4% Temperature Cool (0) Movement Core (50) Location -8/Mines Parts ------- > --- POWER (1) -------- (None) > --- PROPULSION (2) --- (None) > --- UTILITY (4) ------ (None) > --- WEAPON (2) ------- (None) > --- INVENTORY (4) ---- Medium Storage Unit Large Storage Unit Light EM Pulse Cannon Rocket Launcher Peak State ------------ > --- POWER ------------ Reinforced Fission Core > --- PROPULSION ------- Advanced Myomer Leg Advanced Myomer Leg > --- UTILITY ---------- Improved Heat Sink Large Storage Unit Large Storage Unit System Purifier > --- WEAPON ----------- Particle Cannon Improved Light Cannon > --- INVENTORY -------- Medium Storage Unit Medium Storage Unit Improved Sensor Array 8R-AWN's Armor/EX AS-neutralizer No. 17b Light EM Pulse Cannon Grenade Launcher Rocket Launcher Makeshift Axe [Rating: 43] Favorites ----------- Power Ion Engine Engine Ion Engine Power Core Reinforced Fission Core Propulsion Light Treads Treads Light Treads Leg Aluminum Leg Utility Medium Storage Unit Device Improved Sensor Array Storage Medium Storage Unit Processor Experimental Targeting Computer Protection Light Armor Plating Weapon Assault Rifle Energy Gun Electrolaser Energy Cannon Particle Cannon Ballistic Gun Assault Rifle Ballistic Cannon Improved Light Cannon Launcher Grenade Launcher Slashing Weapon Makeshift Axe Build | -11 -10 -10 -9 -9 -9 -8 ------- Run | Scr Mat Min Mat Min Exi Min Slots Evolved 2 | . . . 2 . . . Power . | . . . . . . . Propulsion . | . . . . . . . Utility 2 | . . . 2 . . . Weapon . | . . . . . . . Parts Attached 45 | . 6 3 9 3 23 1 Power 3 | . 1 . . . 2 . Engine 2 | . 1 . . . 1 . Core 1 | . . . . . 1 . Reactor . | . . . . . . . Propulsion 8 | . . 2 1 . 5 . Treads 5 | . . 2 1 . 2 . Leg 3 | . . . . . 3 . Wheel . | . . . . . . . Hover . | . . . . . . . Flight . | . . . . . . . Utility 19 | . 3 . 6 1 9 . Device 6 | . 1 . . . 5 . Storage 9 | . 1 . 5 1 2 . Processor 1 | . . . . . 1 . Hackware . | . . . . . . . Protection 3 | . 1 . 1 . 1 . Artifact . | . . . . . . . Weapon 15 | . 2 1 2 2 7 1 Energy Gun 2 | . 1 1 . . . . Energy Cannon 4 | . . . 1 1 2 . Ballistic Gun 2 | . 1 . 1 . . . Ballistic Cannon 3 | . . . . 1 2 . Launcher 1 | . . . . . 1 . Special Weapon . | . . . . . . . Impact Weapon . | . . . . . . . Slashing Weapon 3 | . . . . . 2 1 Piercing Weapon . | . . . . . . . Special Melee Weapon . | . . . . . . . Unidentified Prototypes 5 | . . . 1 . 4 . Parts Lost 17 | . . . . . 10 7 Power 3 | . . . . . 2 1 Propulsion 6 | . . . . . 4 2 Utility 4 | . . . . . 3 1 Weapon 4 | . . . . . 1 3 Highest Loss Streak 8 | . . . . . 8 7 Average Slot Usage (%) 96 | . 95 100 99 100 93 55 Engine 10 | . 14 14 11 11 8 . Core 1 | . . . . . 2 7 Treads 14 | . . 7 22 22 16 . Leg 9 | . 28 20 . . 5 18 Device 2 | . 6 . . . 3 3 Storage 19 | . 14 14 22 22 22 18 Protection 15 | . 3 14 21 22 14 . Energy Gun 4 | . 7 3 11 9 . . Energy Cannon 4 | . . . . 1 9 3 Ballistic Gun 9 | . 20 24 11 8 . . Ballistic Cannon 3 | . . . . 2 8 3 Slashing Weapon 1 | . . . . . 2 . Naked Turns 2 | . . . . . . 2 Heaviest Build 64 | 11 19 21 53 35 64 58 Greatest Support 60 | 20 20 40 40 40 60 60 Greatest Overweight (x) 1 | . . . 1 . 1 . Average Overweight (x) . | . . . . . . . Largest Inventory Capacity 20 | . 8 8 20 12 20 16 Average Capacity 11 | . 6 8 12 12 12 13 Most Carried 12 | . 8 8 12 12 12 10 Average Carried 9 | . 6 7 10 11 10 8 Final Capacity 16 | 6 8 8 12 12 16 4 Final Carried 12 | 6 8 8 12 12 10 4 Class Distribution -------------------- 100% | Mutant Dominant Class ---------------- Mutant | -10/Materials Mutant | -10/Mines Mutant | -9/Materials Mutant | -9/Mines Mutant | -9/Exiles Mutant | -8/Mines Resources | -11 -10 -10 -9 -9 -9 -8 ----------- Run | Scr Mat Min Mat Min Exi Min Matter Collected 579 | 200 59 85 107 20 108 . Remotely . | . . . . . . . Salvage Created 368 | . 119 48 23 . 178 . Parts 25 | . 4 6 3 . 12 . Haulers Intercepted . | . . . . . . . Recyclers Shooed . | . . . . . . . Parts Field Recycled . | . . . . . . . Retrieved Matter . | . . . . . . . Parts Self-Destructed . | . . . . . . . Prevented . | . . . . . . . Kills | -11 -10 -10 -9 -9 -9 -8 ------- Run | Scr Mat Min Mat Min Exi Min Combat Hostiles Destroyed 13 | . 3 3 . . 7 . Melee 7 | . . . . . 7 . Guns 6 | . 3 3 . . . . Classes Destroyed 4 | . 1 1 1 . 1 . Builder 1 | . . . 1 . . . Swarmer 3 | . . 3 . . . . Grunt 3 | . 3 . . . . . Assembled 6 | . . . . . 6 . Best Kill Streak 6 | . 2 2 1 . 6 . Combat Bots Only 6 | . 2 2 . . 6 . Max Kills in Single Turn 2 | . 1 2 1 . 1 . Gunslinging 1 | . . 1 . . . . Exploded . | . . . . . . . Melee 1 | . . . . . 1 . Uniques/NPCs Destroyed 2 | . . . . . 2 . EX-BIN (-9/Exiles) 8R-AWN (-9/Exiles) Combat | -11 -10 -10 -9 -9 -9 -8 -------- Run | Scr Mat Min Mat Min Exi Min Damage Taken 2862 | . 176 90 80 . 1745 771 Core 488 | . 70 17 20 . 264 117 Absorbed by Shields . | . . . . . . . Core Remaining (%) 82 | 100 . 65 . . . . Volleys Fired 25 | . 13 5 4 . 2 1 Largest 2 | . 2 2 2 . 2 2 Hottest 107 | . 70 40 83 . 107 107 Shots Fired 48 | . 26 10 7 . 3 2 Gun 43 | . 26 10 7 . . . Cannon 4 | . . . . . 2 2 Launcher 1 | . . . . . 1 . Special . | . . . . . . . Kinetic 29 | . 13 10 4 . 1 1 Thermal 18 | . 13 . 3 . 1 1 Explosive 1 | . . . . . 1 . Electromagnetic . | . . . . . . . Robot Hit Streak 12 | . 12 3 1 . 3 1 Robot Miss Streak 3 | . 2 3 3 . . 1 Penetration Max . | . . . . . . . Secondary Targets 1 | . . 1 . . . . Max Gunslinging Chain 1 | . . 1 . . . . Shots Hit Robots 68 | . 18 5 2 . 42 1 Core Hits 26 | . 7 3 1 . 15 . Critical Hits 1 | . . . . . 1 . Critical Kills . | . . . . . . . Critical Parts Destroyed 1 | . . . . . 1 . Melee Attacks 85 | . . . . . 85 . Impact . | . . . . . . . Slashing 85 | . . . . . 85 . Piercing . | . . . . . . . Sneak Attacks . | . . . . . . . Combat Hostiles . | . . . . . . . Follow-up Attacks . | . . . . . . . Damage Inflicted 2014 | . 244 49 16 . 1684 21 Guns 309 | . 244 49 16 . . . Cannons 64 | . . . . . 43 21 Explosions 86 | . . . . . 86 . Melee 1555 | . . . . . 1555 . Ramming . | . . . . . . . Kinetic 214 | . 143 49 . . 22 . Thermal 159 | . 101 . 16 . 21 21 Explosive 86 | . . . . . 86 . Electromagnetic . | . . . . . . . Impact . | . . . . . . . Slashing 1555 | . . . . . 1555 . Piercing . | . . . . . . . Highest Corruption 4 | . . . . . 4 4 Average Corruption 4 | . . . . . 4 4 Corruption Purged . | . . . . . . . Effects 5 | . . . . . 4 1 Heat Flow Errors 1 | . . . . . 1 . Energy Discharges 2 | . . . . . 2 . Data Loss (minor) 1 | . . . . . . 1 Targeting Errors 1 | . . . . . 1 . Overload Shots . | . . . . . . . Overflow Damage 7 | . . . . . 7 . Projectiles . | . . . . . . . Explosions . | . . . . . . . Melee 7 | . . . . . 7 . Knockbacks 1 | . . . . . 1 . Impact . | . . . . . . . Kinetic 1 | . . . . . 1 . Secondary . | . . . . . . . Self-Inflicted Damage . | . . . . . . . Shots . | . . . . . . . Rammed . | . . . . . . . Targets Rammed . | . . . . . . . Kicked . | . . . . . . . Crushed . | . . . . . . . Highest Temperature 231 | . 39 12 60 . 231 57 Average Temperature 45 | . 15 5 28 . 98 32 Received Heat Transfer 128 | . 99 . 9 . 20 . Siege Activations . | . . . . . . . Robots Corrupted . | . . . . . . . Combat Hostiles . | . . . . . . . Parts Fried . | . . . . . . . Impact Corruptions . | . . . . . . . Robots Melted . | . . . . . . . Combat Hostiles . | . . . . . . . Parts Melted 1 | . . . . . 1 . Heat Transferred 379 | . 296 . 37 . 37 9 Parts Sabotaged . | . . . . . . . Parts Stolen . | . . . . . . . Parts Stripped . | . . . . . . . Power Chain Reactions . | . . . . . . . Missiles Intercepted . | . . . . . . . Alert | -11 -10 -10 -9 -9 -9 -8 ------- Run | Scr Mat Min Mat Min Exi Min Peak Influence 234 | . 110 234 88 . . . Initial 42 | . . 42 13 . . . Average 57 | . 74 115 31 . . . Maximum Alert Level 1 | . . 1 . . . . Low Security (%) 90 | . 100 71 100 100 . 100 Level 1 9 | . . 28 . . . . Level 2 . | . . . . . . . Level 3 . | . . . . . . . Level 4 . | . . . . . . . Level 5 . | . . . . . . . High Security . | . . . . . . . Max Security . | . . . . . . . Squads Dispatched 1 | . 1 . . . . . Investigation . | . . . . . . . Extermination . | . . . . . . . Reinforcement 1 | . 1 . . . . . Assault . | . . . . . . . Garrison . | . . . . . . . Intercept . | . . . . . . . Construction Impeded . | . . . . . . . Haulers Reinforced . | . . . . . . . Stealth | -11 -10 -10 -9 -9 -9 -8 --------- Run | Scr Mat Min Mat Min Exi Min Distress Signals . | . . . . . . . Communications Jammed . | . . . . . . . Distress Signals . | . . . . . . . Times Spotted 38 | . 4 8 9 . 8 9 Peak Tracking Total 9 | . 2 3 4 . 9 5 Tactical Retreats 2 | . . 1 . . 1 . Traps | -11 -10 -10 -9 -9 -9 -8 ------- Run | Scr Mat Min Mat Min Exi Min Traps Triggered . | . . . . . . . Indirectly . | . . . . . . . Trap Hack Attempts . | . . . . . . . Triggered . | . . . . . . . Disarmed . | . . . . . . . Reprogrammed . | . . . . . . . Reused . | . . . . . . . Traps Extracted . | . . . . . . . Installed . | . . . . . . . Triggered . | . . . . . . . Exploded 2 | . . . . . 2 . Machines | -11 -10 -10 -9 -9 -9 -8 ---------- Run | Scr Mat Min Mat Min Exi Min Machines Disabled 4 | . . . . . 4 . Max in Single Turn 1 | . . . . . 1 . Machines Sabotaged . | . . . . . . . Garrisons Compromised . | . . . . . . . Overloaded Fab Kills . | . . . . . . . Fab Network Shutdowns . | . . . . . . . Hacking | -11 -10 -10 -9 -9 -9 -8 --------- Run | Scr Mat Min Mat Min Exi Min Machines Accessed 5 | . 1 1 2 . 1 . Terminals 3 | . 1 . 2 . . . Fabricators . | . . . . . . . Repair Stations . | . . . . . . . Recycling Units . | . . . . . . . Scanalyzers . | . . . . . . . Garrison Access . | . . . . . . . Total Hacks 11 | . 2 1 7 . 1 . Successful 6 | . . 1 4 . 1 . Failed 5 | . 2 . 3 . . . Catastrophic . | . . . . . . . Database Lockouts . | . . . . . . . Manual 9 | . 2 . 7 . . . Terminals 9 | . 2 . 7 . . . Fabricators . | . . . . . . . Repair Stations . | . . . . . . . Recycling Units . | . . . . . . . Scanalyzers . | . . . . . . . Garrison Access . | . . . . . . . Terminal Hacks 6 | . . 1 4 . 1 . Record 1 | . . . . . 1 . Robot Analysis 3 | . . . 3 . . . Open Door 1 | . . 1 . . . . Branch Access Points 1 | . . . 1 . . . Fabricator Hacks . | . . . . . . . Repair Station Hacks . | . . . . . . . Recycling Unit Hacks . | . . . . . . . Scanalyzer . | . . . . . . . Garrison Access Hacks . | . . . . . . . Unauthorized Hacks . | . . . . . . . Terminals . | . . . . . . . Fabricators . | . . . . . . . Repair Stations . | . . . . . . . Recycling Units . | . . . . . . . Scanalyzers . | . . . . . . . Garrison Access . | . . . . . . . Data Cores Recovered . | . . . . . . . Used . | . . . . . . . Hacking Detections 3 | . 1 . 2 . . . Full Trace Events . | . . . . . . . Feedback Events . | . . . . . . . Feedback Blocked . | . . . . . . . Robot Schematics Acquired . | . . . . . . . Robots Built . | . . . . . . . Matter . | . . . . . . . Time . | . . . . . . . Total Robot Build Rating . | . . . . . . . Part Schematics Acquired . | . . . . . . . Parts Built . | . . . . . . . Matter . | . . . . . . . Time . | . . . . . . . Total Part Build Rating . | . . . . . . . Parts Repaired . | . . . . . . . Time . | . . . . . . . Parts Recycled . | . . . . . . . Recycled Matter . | . . . . . . . Retrieved Matter . | . . . . . . . Retrieved Components . | . . . . . . . Parts Scanalyzed . | . . . . . . . Part Schematics Acquired . | . . . . . . . Parts Damaged . | . . . . . . . Bothacking | -11 -10 -10 -9 -9 -9 -8 ------------ Run | Scr Mat Min Mat Min Exi Min Used RIF Installer . | . . . . . . . Robots Hacked . | . . . . . . . Non-combat . | . . . . . . . Combat . | . . . . . . . Robot Hacks Applied . | . . . . . . . Relay Couplers Released . | . . . . . . . Robots Rewired . | . . . . . . . Allies Hacked . | . . . . . . . Hacks Repelled . | . . . . . . . Allies | -11 -10 -10 -9 -9 -9 -8 -------- Run | Scr Mat Min Mat Min Exi Min Total Allies 3 | . . 3 . . . . Largest Group 3 | . . 3 2 . . . Highest-Rated Group 40 | . . 40 32 . . . Highest-Rated Ally 16 | . . 16 16 . . . Total Orders . | . . . . . . . Ally Attacks 16 | . . 10 6 . . . Total Damage 150 | . . 94 56 . . . Kills 7 | . . 3 4 . . . Allies Corrupted . | . . . . . . . Allies Melted . | . . . . . . . Intel | -11 -10 -10 -9 -9 -9 -8 ------- Run | Scr Mat Min Mat Min Exi Min Robot Analysis Total 3 | . . . 3 . . . Derelict Logs Recovered 2 | . . 1 . 1 . . Drone Launches . | . . . . . . . Drone Recoveries . | . . . . . . . Exploration | -11 -10 -10 -9 -9 -9 -8 ------------- Run | Scr Mat Min Mat Min Exi Min Turns Passed 2925 | . 289 523 443 373 1270 27 Spaces Moved 1694 | 1 162 373 253 226 659 20 Core 4 | . . . . . . 4 Treads 1070 | . . 86 253 226 505 . Legs 620 | 1 162 287 . . 154 16 Wheels . | . . . . . . . Hover . | . . . . . . . Flight . | . . . . . . . Fastest Speed 50 | 120 120 120 160 160 120 50 Average Speed 147 | 120 120 129 160 160 156 106 Slowest Speed 180 | 120 120 160 180 160 180 120 Overloaded Moves . | . . . . . . . Propulsion Burnouts . | . . . . . . . Robots Hopped . | . . . . . . . Cave-ins Triggered 1 | . . . . . 1 . Exploration Rate (%) 39 | 2 40 72 25 43 72 21 Regions Visited 6 Branch Regions 4 Pre-discovered Areas 1 | . . . . . 1 . Known Exits Taken 1 | . . . 1 . . . Unknown Exits Taken 5 | 1 1 1 . 1 1 . Scrap Searched 2 | . . 1 . 1 . . Spaces Dug 21 | . . . . . 21 . Terrain Destroyed 26 | . . . . . 26 . Melee 21 | . . . . . 21 . Projectile . | . . . . . . . AOE 5 | . . . . . 5 . Terrain Rammed . | . . . . . . . Walls Destroyed . | . . . . . . . Machines Disabled . | . . . . . . . Actions | -11 -10 -10 -9 -9 -9 -8 --------- Run | Scr Mat Min Mat Min Exi Min Total 1994 | . 231 409 284 239 806 25 Wait 83 | . 41 15 4 3 20 . Move 1688 | . 161 372 252 225 658 20 Hop . | . . . . . . . Pick Up 29 | . 4 7 7 4 7 . Fast Attach 13 | . 3 . 4 . 6 . Attach 18 | . . 3 3 2 9 1 Detach 9 | . . . 3 . 5 1 Swap 14 | . 3 . 2 1 8 . Drop 30 | . 6 7 5 4 6 2 Fire 25 | . 13 5 4 . 2 1 Melee 85 | . . . . . 85 . Ram . | . . . . . . . Kick . | . . . . . . . Crush . | . . . . . . . Escape Stasis . | . . . . . . . Rewire . | . . . . . . . Trap . | . . . . . . . Miscellaneous . | . . . . . . . Route ------- -11/Scrapyard -10/Materials (discovered 2 exits: *Mat / *Min) -10/Mines -9/Materials (discovered 2 exits: *Min x2) -9/Mines -9/Exiles -8/Mines History --------- Turn | Location | Event 1 | -11/Scrapyard | Discovered new exit (range 0) 1 | -11/Scrapyard | Entered Materials 223 | -10/Materials | Discovered new exit (range 14) 275 | -10/Materials | Discovered new exit (range 5) 290 | -10/Materials | Entered Mines 300 | -10/Mines | Learned Materials garrison access intel 308 | -10/Mines | Met a Derelict bent on vengeance 312 | -10/Mines | Build established: Mutant 331 | -10/Mines | Assisted by bots powering up and referring to "LRC-V3" 656 | -10/Mines | Met a Derelict who couldn't figure out how to use a Trap Extractor 797 | -10/Mines | Discovered new exit (range 3) 813 | -10/Mines | Entered Materials 813 | -9/Materials | Accompanied by 2 allies 813 | -9/Materials | Evolved 2 slots: Utility x2 948 | -9/Materials | Discovered new exit (range 16) 1192 | -9/Materials | Identified exit to Mines 1256 | -9/Materials | Entered Mines 1479 | -9/Mines | Received a Rocket Launcher from a helpful Derelict 1574 | -9/Mines | A weapon hastily lodged in a ceiling crevice suddenly fell to the ground 1591 | -9/Mines | Deemed a non-threat by the Exiles lab entrance 1591 | -9/Mines | Discovered new exit (range 5) 1629 | -9/Mines | Entered Exiles 1669 | -9/Exiles | Met 8R-AWN 1695 | -9/Exiles | Met EX-HEX 1740 | -9/Exiles | Met EX-BIN 1789 | -9/Exiles | Met EX-DEC 1799 | -9/Exiles | Learned location of Zion (-7) 2413 | -9/Exiles | Attacked by the Exiles 2419 | -9/Exiles | Destroyed EX-BIN 2572 | -9/Exiles | Core integrity fell below 50% 2602 | -9/Exiles | Destroyed 8R-AWN 2606 | -9/Exiles | Found Prototype Protection 2610 | -9/Exiles | Lost 8 parts (2p4n1u1w) 2612 | -9/Exiles | Found Prototype Device 2612 | -9/Exiles | Identified AS-neutralizer No. 17b 2619 | -9/Exiles | Found Prototype Processor 2619 | -9/Exiles | Identified Exp. Targeting Computer 2661 | -9/Exiles | Found Prototype Device 2662 | -9/Exiles | Identified System Purifier 2818 | -9/Exiles | Crushed by falling debris 2880 | -9/Exiles | Discovered new exit (range 14) 2899 | -9/Exiles | Entered Mines 2900 | -8/Mines | 99-TNT came to Exiles' defense 2904 | -8/Mines | Core integrity fell below 20% 2926 | -8/Mines | Destroyed by S-10 Pest with Light Assault Rifle Last Messages --------------- 02900_ Particle Cannon destroyed. 02900_ T-07 Excavator destroyed. 02901_ S-10 Pest destroyed. 02902_ The unstable cave ceiling collapses. 02903_ Mak. Axe destroyed. 02907_ The unstable cave ceiling collapses. 02907_ Imp. Light Cannon destroyed. 02907_ Imp. Sensor Array destroyed. 02909_ The unstable cave ceiling collapses. 02915_ Adv. Myomer Leg destroyed. 02915_ Rnf. Fission Core destroyed. 02916_ The unstable cave ceiling collapses. 02917_ System corrupted: Component data lost. 02917_ Dropped Prototype Protection. 02919_ The unstable cave ceiling collapses. 02923_ Adv. Myomer Leg destroyed. 02924_ The unstable cave ceiling collapses. 02924_ Dropped Lrg. Storage Unit. 02925_ The unstable cave ceiling collapses. 02925_ Med. Storage Unit crushed. Map ----- +----------------------------------------------------+ | | | | | ?????????????????????????????????????????????????? | | ?????????????????????????????????????????????????? | | ?????????????????????????????????????????????????? | | ?????????????????????????????????????????????????? | | ?????????????????????????????????????????????????? | | ?????????????????????????????????????????????????? | | ?????????????????????????????????????????????????? | | ?????????????????????????????????????????????????? | | ?????????????????????????????????????????????????? | | ###??????????????????????????????????????????????? | | # #?????????????????????????????????????????????? | | #????????????????????????????????????????????? | | #???????????????????????????????????????????? | | # ### # #????????????????????????????????????? | | # ????????????????????????????????????? | | # ???????????????????????????????????? | | ?# ###????????????????????????????????? | | ??# # #????????????????????????????????? | | ??# #?????????????????? ##???????????? | | ??# ##??????????????? #???????????? | | ?## #?????????#??? s## ?????????? | | ## ######??? ## s ss ??????????? | | # # #### #??????????????? | | # # # # ] @ #???????????????? | | # #!! #???????????????? | | ! ! # ??????????? | | # ?????????? | | # ##########?????????? | | # # # ##??????????????????? | | ## # # #???????????????????? | | ?## #???????????????????? | | ??## ##???????????????????? | | ???# ### # ##### ##????????????????????? | | ???# ??## # ###???? ##?????????????????????? | | ???? ?? ##?????? #??????????????????????? | | ???????## # #??????? #??????????????????????? | | ????????# ###### #??????? #??????????????????????? | | ????????# ?????# #??????? ???????????????????????? | | ???????? ?????# #??????? ???????????????????????? | | ??????????????? ???????????????????????????????? | | ???????????????? ????????????????????????????????? | | ?????????????????????????????????????????????????? | | ?????????????????????????????????????????????????? | | ?????????????????????????????????????????????????? | | ?????????????????????????????????????????????????? | | ?????????????????????????????????????????????????? | | ?????????????????????????????????????????????????? | | ?????????????????????????????????????????????????? | +----------------------------------------------------+ Best States ------------- Heat Dissipation 42 Energy Generation 19 Energy Capacity 310 Matter Stores 300 Matter Capacity 300 Sight Range 16 Robot Scan Range 13 Terrain Scan Density 10 Armor Coverage 300 Evasion (%) 40 Targeting Accuracy 12 Recoil Reduction 2 Item Schematics ----------------- None Robot Schematics ------------------ None Fabricated ------------ Nothing Alien Tech Used ----------------- None Achievements -------------- None Challenges ------------ None Game ------ Seed LinkedHugeSegregator Manual? 0 Play Time 00:22:48 Cumulative 201.4 hours Start 2021.06.14 @ 17:34:17 End 2021.06.14 @ 17:55:57 Sessions 1 Manual Loads 0 Difficulty Rogue Special Mode None Game No. 114 Rogue 112 Adventurer 1 Explorer 1 Win Type - Total 2 Types 2/0/0/0/0/0/0/0/0 Lore% 62 Gallery% 75 Achievement% 57 Wizard Run 0 Options --------- ASCII 0 Keyboard 1 Movement Numpad Keybinds 1 Fullscreen 1 Font 24/Terminus Map View 76x50 Tactical HUD 1 Map Filters NONE Filters NONE Steam 1 RUN: b93a873b-8929-4acd-bc7d-b4a9539b082f